 Dungeon Crawl Stone Soup version 0.26.1-11-gd32895ea62 (console) character file.

Game seed: 13464361365640891348

135 erker the Sneak (level 4, -2/24 HPs)
             Began as a Vampire Enchanter on June 17, 2021.
             Slain by an orc
             ... wielding a +0 trident
              (6 damage)
             ... on level 2 of the Dungeon.
             The game lasted 00:10:36 (3777 turns).

erker the Sneak (Vampire Enchanter)                 Turns: 3777, Time: 00:10:36

Health: -2/24      AC:  3    Str:  7      XL:     4   Next: 96%
Magic:  5/7        EV: 13    Int: 18      God:
Gold:   65         SH:  0    Dex: 12 (14) Spells: 1/7 levels left

rFire    . . .     SeeInvis +   a - +1 dagger
rCold    + + .     Faith    .   (no shield)
rNeg     + + +     Spirit   .   b - +0 robe
rPois    ∞         Reflect  .   (no helmet)
rElec    .         Harm     .   g - +0 cloak
rCorr    .         Rampage  .   (no gloves)
Will     .....                  (no boots)
Stlth    +++++.....             h - amulet of inaccuracy (curse)
HPRegen  0.00/turn              (no ring)
MPRegen  0.10/turn              (no ring)

@: bloodless
A: fangs 3, see invisible, unbreathing
a: Bat Form, Revivify


You were on level 2 of the Dungeon.
You visited 1 branch of the dungeon, and saw 3 of its levels.

You collected 65 gold pieces.

Inventory:

Hand Weapons
 a - a +1 dagger (weapon)
Missiles
 i - 23 arrows
Armour
 b - a +0 robe (worn)
 g - a +0 cloak (worn)
 j - a +0 buckler
Jewellery
 h - a cursed amulet of inaccuracy (around neck)
Scrolls
 c - 4 scrolls of identify {unknown}
 d - a scroll of remove curse {unknown}
 l - a scroll of fear {unknown}
Potions
 e - a potion of cancellation {unknown}
 f - a potion of berserk rage {unknown}
 k - a potion of curing {unknown}


   Skills:
 + Level 0.3 Fighting
 + Level 2.1 Short Blades
 + Level 2.8 Dodging
 + Level 5.7 Stealth
 + Level 2.2 Spellcasting
 + Level 5.1 Hexes
 * Level 2.1 Ice Magic


You had one spell level left.
You knew the following spells:

 Your Spells              Type           Power        Failure   Level
a - Corona                Hex            22%          2%          1
c - Confusing Touch       Hex            20%          6%          3
z - Ensorcelled Hibernat  Hex/Ice        30%          6%          2

Your spell library contained the following spells:

 Spells                   Type           Power        Failure   Level
 Tukima's Dance           Hex            20%          6%          3
 Dazzling Flash           Conj/Hex       22%          19%         3


Dungeon Overview and Level Annotations

Branches:
Dungeon (3/15)

Altars:
Trog

Annotations:
D:2 Sigmund


Innate Abilities, Weirdness & Mutations

You do not regenerate when monsters are visible.
You are frail without blood (-20% HP).
You can heal yourself when you bite living creatures.
You are immune to poison.
You have razor-sharp teeth.
You have supernaturally acute eyesight. (SInv)
You can survive without breathing.


Message History

The orc hits you from afar with a +0 trident.
* * * LOW HITPOINT WARNING * * *
The orc wizard misses you.
You closely miss the orc wizard. The orc barely misses you.
The orc wizard barely misses you.
You closely miss the orc wizard. The orc closely misses you.
An orc comes into view. It is wielding a +0 hand axe.
The orc misses you. The rat bites you but does no damage.
The orc hits you with a +0 trident.
* * * LOW HITPOINT WARNING * * *
There is a stone staircase leading up here.
The rat bites you but does no damage. The orc barely misses you.
You climb upwards.
Level annotation: Sigmund
There is a stone staircase leading down here.
Press: ? - help, v - describe, . - travel
Here: an orc, wielding a +0 trident The floor.
The orc hits you with a +0 trident.
You die...

#.........# ##.##
#.###.....# #.# #.#
#.....# #.# #.#
####### #+## #.#
##...##
#.##########.@...##
#.##..............#
#.....####.........
#o@......+.........
#r#...##.#.........
#.#.........<.....#
#.#..............##
#....########...##
###.## #+## #.# #.#
#.# #.# #.# ##.##


You could see an orc and a rat.

Vanquished Creatures
  3 gnolls
  4 adders
  A worm (D:2)
  5 dart slugs
  3 leopard geckos
  3 giant cockroaches
  5 goblins
  11 hobgoblins
  A ball python (D:1)
  5 bats (D:1)
  6 frilled lizards
  6 kobolds
  5 rats
58 creatures vanquished.

Notes
Turn   | Place    | Note
-------+----------+-------------------------------------------
     0 | D:1      | erker the Vampire Enchanter began the quest for the Orb.
     0 | D:1      | Reached XP level 1. HP: 13/13 MP: 3/3
   190 | D:1      | Reached XP level 2. HP: 16/19 MP: 5/5
   193 | D:1      | Learned a level 2 spell: Ensorcelled Hibernation
   375 | D:1      | Reached skill level 5 in Stealth
   897 | D:1      | Reached XP level 3. HP: 24/24 MP: 6/6
   985 | D:1      | Learned a level 3 spell: Confusing Touch
  1589 | D:2      | Noticed Sigmund
  2438 | D:2      | Found a bloodstained altar of Trog.
  2548 | D:2      | Reached skill level 1 in Ice Magic
  2615 | D:2      | Reached skill level 5 in Hexes
  2696 | D:1      | Reached XP level 4. HP: 12/24 MP: 3/7
  3777 | D:2      | Slain by an orc

Illustrated notes

Levels and vault maps discovered:
D:1:      minmay_arrival_four_houses, layout_basic, kennysheep_nondescript,
          st_stairs_2, bh_walls_and_bars
D:2:      layout_loops_corners, overflow_temple_1_default, minmay_pentomino_v4,
          uniq_sigmund
D:3:      layout_loops_ring, overflow_temple_1_default

Skill      XL: |  1  2  3  4 |
---------------+-------------+-----
Stealth        | 5 |  5.7
Ice Magic      | 1 2 |  2.1
Hexes          | 5 |  5.1
Short Blades   | 2 |  2.1
Fighting       | |  0.3
Dodging        | |  2.8
Spellcasting   | |  2.2

Action                   |  1- 3 |  4- 6 || total
-------------------------+-------+-------++-------
Melee: Dagger            |   185 |    70 ||   255
       Bite              |    11 |     3 ||    14
 Cast: Corona            |     6 |       ||     6
       Ensorcelled Hiber |     8 |     7 ||    15
       Confusing Touch   |     1 |     1 ||     2
 Abil: End Transformatio |     1 |       ||     1
       Bat Form          |     1 |       ||     1
       Exsanguinate      |     1 |       ||     1
 Stab: Sleeping          |    15 |    12 ||    27
       Confused          |     1 |       ||     1
Armor: Robe              |    28 |     6 ||    34
Dodge: Dodged            |   118 |    43 ||   161
